 Dungeon Crawl Stone Soup version 0.31-a0-1576-ga3383bade6 (webtiles) character file.

Game seed: 2286515654584215305

3733 grandjackal the Prestidigitator (level 10, -1/76 HPs)
             Began as a Djinni Artificer on Jan 5, 2024.
             Slain by a gnoll
             ... wielding a +0 halberd
              (6 damage)
             ... in a bailey.
             The game lasted 00:10:38 (8045 turns).

grandjackal the Prestidigitator (Djinni Artificer)  Turns: 8045, Time: 00:10:39

Health: -1/76      AC: 15    Str: 19    XL:     10   Next: 37%
Gold:   565        EV: 11    Int: 14    God:
                   SH:  0    Dex: 15

rFire   + + +        g - +0 lajatang
rCold   x . .        (shield currently unavailable)
rNeg    . . .        z - +0 scale mail {rF+}
rPois   ∞            i - +0 helmet
rElec   .            F - +0 cloak
rCorr   .            A - +2 pair of gloves
SInv    .            (boots unavailable)
Will    +....        (no amulet) Stlth
                     t - +4 ring of protection
HPRegen 0.32/turn    f - +6 ring of strength
MPRegen 0.00/turn

%: infuse magic (-2 HP)
@: flying
A: sickness immunity, fire resistance 2, cold vulnerability 1, float, innate
caster, HP casting, extra vitality 1
a: no special abilities


You were in a bailey.
You visited 2 branches of the dungeon, and saw 10 of its levels.
You also visited: Bailey.

You collected 565 gold pieces.

Inventory:

Hand Weapons
 g - a +0 lajatang (weapon)
Missiles
 D - 2 throwing nets
Armour
 i - a +0 helmet (worn)
 z - a +0 scale mail of fire resistance (worn)
 A - a +2 pair of gloves (worn)
 F - a +0 cloak (worn)
Jewellery
 f - a +6 ring of strength (right hand)
 t - a +4 ring of protection (left hand)
 x - a ring of positive energy
 B - a +6 ring of intelligence
 E - a +5 ring of evasion
Wands
 c - a wand of flame (25) (quivered)
 d - a wand of charming (14)
 e - a wand of iceblast (19)
 w - a wand of paralysis (6)
 y - a wand of mindburst (7)
Scrolls
 b - 3 scrolls of brand weapon {unknown}
 m - a scroll of enchant armour {unknown}
 o - 4 scrolls of poison {unknown}
 p - 2 scrolls of teleportation {unknown}
 q - a scroll of enchant weapon {unknown}
 r - 3 scrolls of fog {unknown}
 u - a scroll of noise {unknown}
 v - 2 scrolls of immolation
 C - a scroll of fear {unknown}
Potions
 a - a potion of might {unknown}
 h - a potion of attraction {unknown}
 j - a potion of cancellation
 k - 3 potions of mutation
 l - 3 potions of curing
 n - 2 potions of brilliance
 s - 2 potions of berserk rage
 G - a potion of haste
 H - a potion of ambrosia


   Skills:
 + Level 8.1 Fighting
 + Level 7.2 Staves
 - Level 1.0 Armour
 - Level 4.2 Dodging
 - Level 0.7 Stealth
 + Level 8.6 Evocations


You knew the following spells:

 Your Spells              Type           Power      Damage    Failure   Level
a - Sandblast             Erth           0%         2d4       65%         1
b - Static Discharge      Conj/Air       0%         3-3/arc   80%         2
c - Jinxbite              Hex            0%         N/A       80%         2
d - Confusing Touch       Hex            0%         N/A       95%         3
Your spell library was empty.

Dungeon Overview and Level Annotations

Branches:
Dungeon (9/15)             Temple (1/1) D:5            Lair (0/5) D:8
 Bailey (1/1)
    Orc: D:9-12

Altars:
Ashenzari
Cheibriados
Dithmenos
Elyvilon
Fedhas
Gozag
Hepliaklqana
Makhleb
Nemelex Xobeh
Qazlal
Wu Jian
Xom
Yredelemnul
Zin
The Shining One


Innate Abilities, Weirdness & Mutations

You are immune to sickness and miasma.
You are immune to poison.
Your flesh is very heat resistant. (rF++)
You are vulnerable to cold. (rC-)
You float through the air rather than walking.
You learn spells naturally, not from books.
Your magical power is your life essence.
You have superior vitality. (+4 MHP)


Message History

The gnoll bouda barks out a call to the hunt!
The gnoll sergeant picks up the pace!
The gnoll barely misses you.
The gnoll sergeant hits you with a +0 halberd!
The gnoll throws a throwing net.
The throwing net hits you.
You become entangled in the net!
The gnoll bouda shouts!
You struggle against the net.
The gnoll bouda is no longer moving quickly.
The gnoll sergeant hits you with a +0 halberd.
The gnoll hits you from afar with a +0 spear.
The gnoll barely misses you.
You tear a large gash into the net.
The gnoll hits you from afar with a +0 spear.
The gnoll bouda closely misses you. The gnoll barely misses you.
You shred the net and break free! The gnoll misses you.
The gnoll sergeant hits you but does no damage.
The gnoll hits you from afar with a +0 spear.
* * * LOW HITPOINT WARNING * * *
The gnoll closely misses you.
The gnoll sergeant hits you with a +0 halberd!
* * * LOW HITPOINT WARNING * * *
The gnoll hits you from afar with a +0 halberd.
* * * LOW HITPOINT WARNING * * *
The gnoll sergeant closely misses you. The gnoll attacks as it pursues you!
The gnoll hits you from afar with a +0 halberd.
* * * LOW HITPOINT WARNING * * *
The gnoll sergeant closely misses you. The gnoll attacks as it pursues you!
The gnoll barely misses you.
Your attacks no longer feel as feeble.
The gnoll attacks as it pursues you! The gnoll closely misses you.
The gnoll is no longer moving quickly.
The gnoll attacks as it pursues you! The gnoll hits you but does no damage.
The gnoll hits you from afar with a +0 halberd.
* * * LOW HITPOINT WARNING * * *
The gnoll sergeant is no longer moving quickly.
The gnoll attacks as it pursues you!
The gnoll hits you from afar with a +0 halberd.
You die...

♣≈# ♣≈# ♣≈# ♣≈#
♣≈# ♣≈# .. ♣≈#
.. ♣≈# #'## ♣@#
...# ♣≈## 'g..+
♣≈g## ...#
♣≈..#####g..####
♣≈.gg..g)g......
♣≈≈..ggg........
♣♣≈≈≈≈≈≈≈≈≈≈≈≈≈≈
♣♣♣♣♣♣♣♣♣♣♣♣♣♣♣


You could see 2 gnoll sergeants and 2 gnolls.

Vanquished Creatures
  Jeremiah (D:6)
  Prince Ribbit (D:5)
  A steam dragon (D:8)
  3 water moccasins
  An orc warrior (D:8)
  2 ice beasts
  3 black bears
  A sky beast (D:7)
  An ogre (D:7)
  2 centaurs
  2 phantoms (D:5)
  2 kobold brigands
  A gnoll sergeant (D:6)
  A bullfrog (D:6)
  4 scorpions
  A water moccasin zombie (D:5)
  3 bombardier beetles
  3 bullfrog zombies (D:5)
  2 jellies
  A centaur zombie (D:5)
  4 orc priests
  Crazy Yiuf (D:7)
  3 hounds
  A gnoll bouda (Bailey)
  Ijyb (D:4)
  Terence (D:2)
  2 scorpion zombies (D:5)
  2 iguanas
  8 orc wizards
  A killer bee zombie (D:5)
  A hound zombie (D:5)
  A howler monkey zombie (D:5)
  8 gnolls
  7 adders
  A shadow imp (D:8)
  An adder zombie (D:5)
  3 ribbon worms (D:2)
  5 dart slugs
  28 orcs
  9 ball pythons
  7 endoplasms
  4 giant cockroaches
  14 hobgoblins
  2 jackals (D:3)
  24 kobolds
  A quokka (D:4)
  4 bats
  A frilled lizard (D:3)
  6 goblins
  5 rats
192 creatures vanquished.

Vanquished Creatures (collateral kills)
  A quokka (D:2)
1 creature vanquished.

Vanquished Creatures (others)
  A gnoll (D:2)
1 creature vanquished.

Grand Total: 194 creatures vanquished

Notes
Turn   | Place    | Note
-------+----------+-------------------------------------------
     0 | D:1      | grandjackal the Djinni Artificer began the quest for the
                  | Orb.
     0 | D:1      | Reached XP level 1. HP: 17/17 MP: 0/0
   187 | D:1      | Reached XP level 2. HP: 22/22 MP: 0/0
   887 | D:2      | Reached XP level 3. HP: 14/27 MP: 0/0
   887 | D:2      | Learned a level 1 spell: Sandblast
  1270 | D:2      | Reached skill level 1 in Staves
  1344 | D:2      | Noticed Terence
  1627 | D:2      | Reached XP level 4. HP: 23/33 MP: 0/0
  1628 | D:2      | Killed Terence
  1632 | D:2      | Reached XP level 5. HP: 26/38 MP: 0/0
  1632 | D:2      | Learned a level 2 spell: Static Discharge
  2070 | D:3      | Found a faded altar of an unknown god.
  2354 | D:3      | Reached XP level 6. HP: 38/45 MP: 0/0
  2773 | D:4      | Noticed a black bear
  2780 | D:4      | Killed a black bear
  2781 | D:4      | Reached XP level 7. HP: 46/50 MP: 0/0
  2781 | D:4      | Learned a level 2 spell: Jinxbite
  2844 | D:4      | Noticed Ijyb
  2851 | D:4      | Killed Ijyb
  3256 | D:4      | Found a shadowy altar of Dithmenos.
  3641 | D:5      | Entered Level 5 of the Dungeon
  3694 | D:5      | Reached skill level 5 in Evocations
  3723 | D:5      | Reached XP level 8. HP: 35/58 MP: 0/0
  3836 | D:5      | Found a staircase to the Ecumenical Temple.
  3900 | Temple   | Entered the Ecumenical Temple
  4186 | D:5      | Noticed Prince Ribbit
  4197 | D:5      | Killed Prince Ribbit
  4198 | D:5      | Reached skill level 5 in Fighting
  4509 | D:6      | Found a blossoming altar of Fedhas.
  4641 | D:6      | Reached XP level 9. HP: 65/65 MP: 0/0
  4641 | D:6      | Learned a level 3 spell: Confusing Touch
  4652 | D:6      | Noticed Jeremiah
  4741 | D:6      | Reached skill level 5 in Staves
  5380 | D:6      | Killed Jeremiah
  6183 | D:7      | Found a runed translucent door.
  6184 | D:7      | Noticed Crazy Yiuf
  6389 | D:7      | Found a sparkling altar of Nemelex Xobeh.
  6398 | D:7      | Reached XP level 10. HP: 39/75 MP: 0/0
  7086 | D:7      | Killed Crazy Yiuf
  7558 | D:8      | Found a staircase to the Lair.
  7950 | D:9      | Found a flagged portal.
  7959 | Bailey   | Entered a bailey
  8045 | Bailey   | Slain by a gnoll

Illustrated notes

Levels and vault maps discovered:
D:1:      lightli_arrival_noodles, layout_basic
D:2:      layout_loops_ring, uniq_terence
D:3:      layout_basic, hellmonk_ecumenical_altar_blasted
D:4:      layout_loops_ring, grunt_dithmenos_smoke_and_mirrors,
          kennysheep_generic_room_6, uniq_ijyb
D:5:      layout_basic, minmay_temple_entry_junction, serial_undead,
          serial_undead_d, serial_undead_f, serial_undead_b, serial_undead_c,
          serial_undead_b, serial_undead_d, serial_undead_e, serial_undead_b,
          uniq_prince_ribbit1
D:6:      corexii_shack_village, layout_basic, mainiacjoe_overflow_tiny_flanked,
          minmay_door_square, palyth_stone_intersect, uniq_jeremiah
D:7:      layout_layer_cave, nemelex_dance_club_becter, uniq_crazy_yiuf_cottage
D:8:      layout_cave_pools, dpeg_oklobed_lair, grunt_decor_one_mirror
D:9:      layout_roguey, minitemple, enter_bailey_2,
          nicolae_transporter_intersection
Temple:   eino_wide_crystal_templ
Bailey:   bailey_polearm_gnolls_kennysheep, bailey

Skill      XL: |  1  2  3  4  5  6  7  8  9 10 |
---------------+-------------------------------+-----
Staves         | 1 2 3 4 6 7 |  7.2
Fighting       | 2 3 4 5 7 8 |  8.1
Dodging        | 3 4 |  4.2
Evocations     | 4 5 6 7 8 |  8.6
Armour         | |  1.0
Stealth        | |  0.7

Action                     |  1- 3 |  4- 6 |  7- 9 | 10-12 || total
---------------------------+-------+-------+-------+-------++-------
  Melee: Club              |    12 |       |       |       ||    12
         Lajatang          |    96 |   115 |   323 |    94 ||   628
  Evoke: Wand              |     2 |     1 |    17 |       ||    20
    Use: Scroll            |       |       |     5 |     3 ||     8
 Armour: Leather armour    |     7 |       |       |       ||     7
         Ring mail         |    72 |    73 |     3 |       ||   148
         Scale mail        |       |       |   277 |   145 ||   422
  Dodge: Dodged            |    67 |   108 |   240 |    93 ||   508

Table legend: (Time is in decaauts)
 A = Elapsed time spent in this place.
 B = Non-inter-level travel time spent in this place.
 C = Inter-level travel time spent in this place.
 D = Time resting spent in this place.
 E = Time spent auto-exploring this place.
 F = Levels seen in this place.
 G = Mean time per level.
                   A        B        C        D        E       F      G
               +--------+--------+--------+--------+--------+-----+--------+
         Total |   8178 |   7947 |    231 |    787 |   5319 |  11 |  743.5 |
       Dungeon |   8069 |   7847 |    222 |    787 |   5319 |   9 |  896.6 |
        Temple |     21 |     12 |      9 |      0 |      0 |   1 |   21.0 |
        Bailey |     86 |     86 |      0 |      0 |      0 |   1 |   86.0 |
               +--------+--------+--------+--------+--------+-----+--------+

Top non-repeatable levels by time:
     D:7: 1632 daAuts
     D:4: 1116 daAuts
     D:6: 1097 daAuts
     D:2: 1057 daAuts
     D:1: 919 daAuts
     D:5: 819 daAuts
     D:8: 749 daAuts
     D:3: 631 daAuts
  Bailey: 86 daAuts
     D:9: 46 daAuts
  Temple: 21 daAuts
